AoeStats
← SteiL

Arabia

509369820Analyzed
1v1 RM · 5d ago on Sep 26, 2026· 39m 3s· 2 players
Game mode
Random Map
Map size
Tiny (2 player)
Population
200
Speed
Normal
Resources
Standard
Victory
Conquest
Starting age
Dark Age
Ending age
Imperial Age
RankedLock teamsTeams togetherTeam positionsShared explorationLock speedFull tech treeHidden civsTurbo modeCheats
Victory
Defeat
🇩🇪 Turks · Germany
1111
+15
🇨🇴 Persians · Colombia
1082
-15
Reibud
7:53 Loom
10:06 Feudal Age
19:23 Castle Age
18:11 Double-Bit Axe
18:07 Horse Collar
19:40 Forging
20:26 Gold Mining
21:37 Bloodlines
21:28 Husbandry
22:43 Scale Barding Armor
27:02 Stone Mining
28:45 Stone Shaft Mining
28:54 Wheelbarrow
28:52 Chain Barding Armor
29:10 Iron Casting
29:35 Bow Saw
31:06 Hand Cart
35:21 Imperial Age
33:30 Padded Archer Armor
33:21 Fletching
33:59 Ballistics
33:36 Elite Skirmisher
37:42 Leather Archer Armor
SteiL
0:27 Loom
9:53 Feudal Age
15:31 Wheelbarrow
16:27 Horse Collar
20:36 Castle Age
18:39 Double-Bit Axe
19:29 Bloodlines
20:45 Scale Barding Armor
20:51 Forging
20:34 Stone Mining
20:38 Gold Mining
23:50 Husbandry
24:31 Iron Casting
25:44 Fletching
28:23 Bodkin Arrow
29:46 Padded Archer Armor
33:22 Leather Archer Armor
38:50 Imperial Age
Connection lost

Rejoining the realm…

Still unreachable

The connection could not be restored.

Session expired

The server has moved on; the page needs a fresh start.